 Dungeon Crawl Stone Soup version 0.20-a0-33-g996f6e0 (webtiles) character file.

910 Crabhammer the Slasher (level 8, -7/42 HPs)
             Began as a Vine Stalker Fighter on Nov 10, 2016.
             Was an Initiate of Cheibriados.
             Mangled by an orc warrior
             ... wielding a +0 battleaxe
              (14 damage)
             ... on level 6 of the Dungeon.
             The game lasted 00:14:46 (4627 turns).

Crabhammer the Slasher (Vine Stalker Fighter)       Turns: 4627, Time: 00:14:47

Health: -7/42      AC: 11    Str: 21    XL:     8   Next: 8%
Magic:  0/9        EV:  8    Int: 11    God:    Cheibriados [......]
Gold:   307        SH: 10    Dex: 14    Spells: 0 memorised, 7 levels left

rFire  . . .     SeeInvis .     a - +0 long sword
rCold  + . .     Gourm    .     H - +1 scale mail {rC+}
rNeg   . . .     Faith    .     c - +0 shield
rPois  +         Spirit   +     B - +0 helmet
rElec  .         Reflect  .     z - +0 cloak
rCorr  .         Harm     .     n - +0 pair of gloves
MR     ++...                    (no boots)
Stlth  ..........               (no amulet)
                                J - ring of protection from magic
                                k - ring of poison resistance

@: very slow
A: fangs 3, regeneration 1, magic shield, antimagic bite, no device heal 3, rot
immunity
a: Bend Time, Renounce Religion


You were on level 6 of the Dungeon.
You worshipped Cheibriados.
Cheibriados was noncommittal.
You were hungry.

You visited 2 branches of the dungeon, and saw 7 of its levels.

You collected 307 gold pieces.

Inventory:

Hand Weapons
 a - a +0 long sword (weapon)
Armour
 c - a +0 shield (worn)
 n - a +0 pair of gloves (worn)
 z - a +0 cloak (worn)
 B - a +0 helmet (worn)
 H - a +1 scale mail of cold resistance (worn)
Jewellery
 k - a ring of poison resistance (left hand)
 q - an uncursed ring of teleportation
 J - a ring of protection from magic (right hand)
 K - an uncursed ring of see invisible
Wands
 b - a wand of teleportation (6/9)
 I - a wand of flame (27/48)
Scrolls
 e - 2 scrolls of fear {unknown}
 h - 7 scrolls of identify
 j - 2 scrolls of remove curse
 l - 2 scrolls of enchant weapon {unknown}
 p - a scroll of amnesia {unknown}
 u - 3 scrolls of recharging {unknown}
 x - 2 scrolls of teleportation {unknown}
 y - a scroll of enchant armour {unknown}
 A - 3 scrolls of random uselessness {unknown}
 D - a scroll of immolation {unknown}
Potions
 d - 2 potions of might
 g - a potion of heal wounds {unknown}
 m - 2 potions of mutation {unknown}
 t - a potion of haste {unknown}
 v - 5 potions of curing {unknown}
 w - a potion of ambrosia {unknown}
 E - a potion of agility {unknown}
 F - a potion of lignification {unknown}
 G - a potion of magic {unknown}
Comestibles
 f - 4 bread rations
 i - a slice of pizza
 o - a royal jelly
 r - 2 beef jerkies
 s - a fruit
 C - 2 meat rations


   Skills:
 * Level 4.1 Fighting
 * Level 5.9 Long Blades
 + Level 3.7 Armour
 + Level 1.3 Dodging
 + Level 4.1 Shields


You had 7 spell levels left.
You didn't know any spells.

Dungeon Overview and Level Annotations

Branches:
Dungeon (6/15)             Temple (1/1) D:5

Altars:
Ashenzari
Cheibriados
Elyvilon
Fedhas
Kikubaaqudgha
Makhleb
Qazlal
Ru
Sif Muna
Trog
Uskayaw
Vehumet
Xom
Zin
The Shining One

Annotations:
D:6 exclusion: oklob plant


Innate Abilities, Weirdness & Mutations

You have razor-sharp teeth.
Your natural rate of healing is unusually fast.
When hurt, damage is shared between your health and your magic reserves.
Your bite disrupts and absorbs the magic of your enemies.
Potions and wands cannot restore your health.
You are immune to rotting.


Message History

You hit the orc warrior. You bite the orc warrior. You drain its power.
You feel invigorated.
The orc warrior is heavily wounded.
The orc warrior hits you with a battleaxe.
You hit the orc warrior but do no damage.
You bite the orc warrior. You drain its power.
You feel invigorated.
The orc warrior is heavily wounded.
You block the orc warrior's attack.
You hit the orc warrior. You bite the orc warrior. You drain its power.
The orc warrior is severely wounded.
The orc warrior hits you with a battleaxe!!
* * * LOW HITPOINT WARNING * * *
Unknown command.
Your shield and scale mail prevent you from hitting the orc warrior.
The orc warrior is severely wounded.
The orc warrior hits you with a battleaxe.
* * * LOW HITPOINT WARNING * * *
Unknown command.
The orc warrior hits you with a battleaxe!
You die...

###. ... . ........#
#..#.#.# # #......#
###. #.# ##.. ##o##
##.P# ##.o.##
##P_P###### ##..o..##
# #P......###...@...##
#####...#.##.........#
...........'.....)...+
##.........#.........#
#.###.##..##.......##
#.# ####..###.....##
#.# ####..# ##...##
#.# #.....# ##'## #.#
#.###.# ###.####


You could see an orc warrior and 2 orcs.

Vanquished Creatures
  Prince Ribbit (D:5)
  3 scorpions
  A centaur skeleton (D:4)
  2 orc priests (D:3)
  A hound (D:4)
  2 orc wizards (D:4)
  4 worker ants
  10 gnolls
  11 adders
  An adder zombie (D:5)
  5 leopard geckos
  16 orcs
  3 bats (D:3)
  3 giant cockroaches
  6 goblins
  8 hobgoblins
  4 jackals (D:4)
  7 quokkas
  A ball python (D:3)
  8 frilled lizards
  9 kobolds
  A leopard gecko zombie (D:6)
  7 rats
114 creatures vanquished.

Notes
Turn   | Place    | Note
-------+----------+-------------------------------------------
     0 | D:1      | Crabhammer the Vine Stalker Fighter began the quest for the Orb.
     0 | D:1      | Reached XP level 1. HP: 11/11 MP: 2/2
   216 | D:1      | Reached XP level 2. HP: 16/16 MP: 3/3
   284 | D:1      | Reached skill level 2 in Long Blades
   608 | D:1      | Reached XP level 3. HP: 19/19 MP: 4/4
  1004 | D:2      | Found a stormy altar of Qazlal.
  1253 | D:2      | Found a sacrificial altar of Ru.
  1253 | D:2      | Found a faded altar of an unknown god.
  1258 | D:2      | Found a faded altar of an unknown god.
  1260 | D:2      | Found a deep blue altar of Sif Muna.
  1262 | D:2      | Found an ancient bone altar of Kikubaaqudgha.
  1389 | D:2      | Gained mutation: Your natural rate of healing is unusually fast. [Vine Stalker growth]
  1389 | D:2      | Reached XP level 4. HP: 17/24 MP: 5/5
  1546 | D:3      | Reached skill level 3 in Long Blades
  1593 | D:3      | Found a radiant altar of Vehumet.
  1791 | D:3      | Reached XP level 5. HP: 26/28 MP: 4/6
  2211 | D:4      | Reached skill level 4 in Long Blades
  2211 | D:4      | Reached XP level 6. HP: 31/32 MP: 5/7
  2793 | D:4      | Reached skill level 1 in Dodging
  2944 | D:4      | Reached XP level 7. HP: 36/36 MP: 8/8
  3112 | D:4      | Reached skill level 5 in Long Blades
  3384 | D:5      | Entered Level 5 of the Dungeon
  3519 | D:5      | Noticed Prince Ribbit
  3616 | D:5      | HP: 1/37 [Prince Ribbit (7)]
  3710 | D:5      | Killed Prince Ribbit
  3824 | D:5      | Found a staircase to the Ecumenical Temple.
  3835 | Temple   | Entered the Ecumenical Temple
  4026 | D:5      | Gained mutation: You have razor-sharp teeth. [Vine Stalker growth]
  4026 | D:5      | Reached XP level 8. HP: 40/42 MP: 9/9
  4330 | D:6      | Found a sacrificial altar of Ru.
  4349 | D:6      | Found a snail-covered altar of Cheibriados.
  4357 | D:6      | Became a worshipper of Cheibriados the Contemplative
  4493 | D:6      | Found a shimmering altar of Xom.
  4493 | D:6      | Noticed an oklob plant
  4627 | D:6      | Mangled by an orc warrior

Vault maps used:
D:1:      dpeg_arrival_ratfight, minmay_pentomino_s4
D:2:      chequers_temple_overflow_minitemple, nicolae_qazlal_eye_of_the_storm,
          serial_glass, glass_columns_a, glass_columns_a, glass_columns_c,
          glass_columns_c, glass_columns_a, glass_columns_b, glass_columns_a,
          glass_columns_a
D:3:      old_standard_altar, minivault_14, minmay_strange_pillars,
          serial_park_tiny_pond, minmay_close_crescents
D:4:      first_bread
D:5:      uniq_prince_ribbit1
D:6:      lemuel_crystal_altar, basic_altar, grunt_ministairs_12,
          lemuel_oklob_altar
Temple:   compressed_dpeg_triangle_lava_temple

Skill      XL: |  1  2  3  4  5  6  7 |
---------------+----------------------+-----
Shields        | 3 4 |  4.1
Long Blades    | 2 3 4 5 |  5.9
Fighting       | 3 4 |  4.1
Armour         | 3 |  3.7
Dodging        | 1 |  1.3

Action                   |  1- 3 |  4- 6 |  7- 9 || total
-------------------------+-------+-------+-------++-------
Melee: Long sword        |    82 |   173 |   149 ||   404
       Bite              |    22 |    51 |    52 ||   125
  Use: Scroll            |     1 |     1 |     1 ||     3
  Eat: Chunk             |     2 |     4 |     6 ||    12
Armor: Scale mail        |    24 |    41 |    49 ||   114
       Ring mail         |    10 |    33 |       ||    43
Dodge: Dodged            |    19 |    56 |    39 ||   114
Block: Shield            |    42 |    85 |    68 ||   195
       Rpst.: Long sword |     5 |    21 |    12 ||    38
